[Event "Titled Tuesday Blitz March 07 Early 2023"]
[White "Vishnu, Prasanna. V"]
[Black "Mohammed, Dilshad"]
[WhiteFideId "5030692"]
[BlackFideId "5050421"]
[WhiteElo "2468"]
[BlackElo "2112"]
[Result "0-1"]
[Round "03"]
[TimeControl "180+2"]
[Date "2023.03.07"]
[WhiteClock "0:00:57"]
[BlackClock "0:00:09"]

1. c4 c5 2. Nf3 Nf6 3. Nc3 Nc6 4. e3 e5 5. d4 cxd4 6. exd4 e4 7. Ne5 d6 8. Nxc6 bxc6 9. Bg5 Rb8 10. Qc2 d5 11. cxd5 cxd5 12. Bb5+ Bd7 13. Bxd7+ Qxd7 14. Bxf6 gxf6 15. O-O Rg8 16. f3 f5 17. Rae1 Bg7 18. Qf2 Rb4 19. Kh1 Bxd4 20. Qd2 Bxc3 21. Qxc3 a5 22. a3 Rb5 23. fxe4 fxe4 24. Qe5+ Qe6 25. Rxe4 Qxe5 26. Rxe5+ Kf8 27. Ref5 Rxb2 28. Rxf7+ Ke8 29. Rxh7 Rgxg2 30. Re1+ Kf8 31. Rc1 Rgc2 32. Rg1 Ra2 33. Rh5 Rd2 34. Rf1+ Kg8 35. Rh4 Rxa3 36. Rg4+ Kh8 37. Kg1 Raa2 38. Rg3 Rac2 39. Rf8+ Kh7 40. Rf1 Rc4 41. h3 Rcd4 42. Rf5 Rd1+ 43. Kf2 R1d2+ 44. Ke1 Rd1+ 45. Ke2 R1d2+ 46. Ke1 Rd1+ 47. Kf2 R4d2+ 48. Ke3 Rd3+ 49. Kf4 Rf1+ 50. Kg4 Rxg3+ 51. Kxg3 Rxf5 0-1


[Site "https://www.chess.com"]

[Event "Titled Tuesday Blitz March 07 Early 2023"]
[White "De Silva, L M S T"]
[Black "Hernandez Sanchez, Elvis De La Caridad"]
[WhiteFideId "9953698"]
[BlackFideId "6400353"]
[WhiteElo "2403"]
[BlackElo "2465"]
[Result "1-0"]
[Round "03"]
[TimeControl "180+2"]
[Date "2023.03.07"]
[WhiteClock "0:01:50"]
[BlackClock "0:00:06"]

1. Nf3 d5 2. e3 g6 3. c4 c6 4. Nc3 Bg7 5. b3 Nf6 6. Bb2 O-O 7. Be2 Na6 8. O-O dxc4 9. bxc4 Nc5 10. d4 Nce4 11. Nxe4 Nxe4 12. Nd2 Nxd2 13. Qxd2 Be6 14. Rfd1 Qd7 15. e4 Qc8 16. d5 Bxb2 17. Qxb2 Bg4 18. f3 Bd7 19. Rac1 Rb8 20. d6 exd6 21. Rxd6 Be6 22. Rcd1 b5 23. c5 Qc7 24. Qf6 Qa5 25. h4 h5 26. Rxe6 Qxa2 27. Re7 Qxe2 28. Rdd7 Qc4 29. e5 Qxc5+ 30. Kh2 Qc3 31. Rxf7 1-0


[Site "https://www.chess.com"]

[Event "Titled Tuesday Blitz March 07 Early 2023"]
[White "Bozorov, Makhsum"]
[Black "Preotu, Razvan"]
[WhiteFideId "14201330"]
[BlackFideId "2613280"]
[WhiteElo "2465"]
[BlackElo "2407"]
[Result "0-1"]
[Round "03"]
[TimeControl "180+2"]
[Date "2023.03.07"]
[WhiteClock "0:00:01"]
[BlackClock "0:00:05"]

1. e4 c5 2. Nf3 d6 3. Bb5+ Nd7 4. Qe2 a6 5. Bxd7+ Bxd7 6. O-O Nf6 7. d3 g6 8. b3 Bg7 9. Bb2 O-O 10. Nbd2 Bc6 11. Rab1 e5 12. Nc4 Nh5 13. Nfd2 Nf4 14. Qd1 f5 15. f3 b5 16. Ne3 Qg5 17. Qe1 Bh6 18. Kh1 Nxd3 19. cxd3 Qxe3 20. Qxe3 Bxe3 21. Rfd1 Kf7 22. Nf1 Bh6 23. Bc1 f4 24. Bd2 b4 25. a4 bxa3 26. Ra1 Bb5 27. Bc3 Rfb8 28. Rxa3 Ke6 29. Kg1 Bg5 30. Kf2 Bd8 31. Ke2 g5 32. h3 h5 33. Nd2 Bc7 34. Nc4 Rh8 35. Raa1 Rag8 36. Rh1 g4 37. hxg4 hxg4 38. Rxh8 gxf3+ 39. Kxf3 Rxh8 40. Rg1 Rh2 41. Ra1 Be8 42. Rxa6 Bh5+ 43. Kf2 f3 0-1


[Site "https://www.chess.com"]

[Event "Titled Tuesday Blitz March 07 Early 2023"]
[White "Oro, Faustino"]
[Black "Dudzinski, Pawel"]
[WhiteFideId "20000197"]
[BlackFideId "1117890"]
[WhiteElo "1984"]
[BlackElo "2099"]
[Result "1-0"]
[Round "03"]
[TimeControl "180+2"]
[Date "2023.03.07"]
[WhiteClock "0:00:17"]
[BlackClock "0:00:13"]

1. e4 c6 2. d4 d5 3. e5 c5 4. dxc5 e6 5. Nf3 Bxc5 6. Bd3 Ne7 7. O-O Ng6 8. Nbd2 Nd7 9. Nb3 Be7 10. Re1 Qc7 11. Bxg6 hxg6 12. c3 a5 13. Bf4 Nc5 14. Nfd4 Bd7 15. Nxc5 Bxc5 16. Qd2 Qb6 17. Nb3 a4 18. Nxc5 Qxc5 19. Be3 Qc4 20. Bd4 b5 21. Qe3 b4 22. cxb4 Qxb4 23. Rac1 Rc8 24. Rxc8+ Bxc8 25. Rc1 Ba6 26. Bc5 Qb7 27. Ba3 Bc4 28. Qc5 Kd7 29. Qd6+ Kc8 30. b3 axb3 31. axb3 Qxb3 32. Qc6+ Kb8 33. Bd6+ Ka7 34. Ra1+ Qa2 35. Rxa2+ Bxa2 36. Qc7+ Ka6 37. Bc5 Kb5 38. Qb6+ Kc4 39. Qb4+ Kd3 40. h3 Bc4 41. Qa3+ Ke4 42. Qe3+ Kf5 43. g4# 1-0


[Site "https://www.chess.com"]

[Event "Titled Tuesday Blitz March 07 Early 2023"]
[White "Goudriaan, Etienne"]
[Black "Abdilkhair, Abilmansur"]
[WhiteFideId "1021150"]
[BlackFideId "13716417"]
[WhiteElo "2318"]
[BlackElo "2216"]
[Result "0-1"]
[Round "03"]
[TimeControl "180+2"]
[Date "2023.03.07"]
[WhiteClock "0:01:02"]
[BlackClock "0:00:06"]

1. d4 Nf6 2. c4 e6 3. Nc3 Bb4 4. e3 d5 5. a3 Be7 6. Bd3 O-O 7. Nge2 dxc4 8. Bxc4 a6 9. O-O b5 10. Ba2 Bb7 11. Qc2 c5 12. dxc5 Bxc5 13. Nxb5 axb5 14. Qxc5 Ne4 15. Qd4 Qg5 16. Ng3 Nxg3 17. hxg3 Nc6 18. Qf4 Qh5 19. b4 Ne5 20. f3 Nd3 21. Qh4 Qxh4 22. gxh4 Nxc1 23. Rfxc1 Rxa3 24. Bb1 Rxa1 25. Bxh7+ Kxh7 26. Rxa1 Ra8 27. Rc1 Rc8 28. Ra1 Bd5 29. Ra7 Kg6 30. e4 Rc1+ 31. Kf2 Bc4 32. g4 Rb1 33. e5 f6 34. h5+ Kh6 35. exf6 gxf6 36. Rf7 f5 37. Rf6+ Kg5 38. Rg6+ Kf4 39. h6 Rh1 40. Kg2 Rh4 41. g5 Rh5 42. Rg7 Be2 43. h7 Bxf3+ 44. Kf2 Rh2+ 45. Kg1 Kg3 46. h8=Q Rxh8 0-1


[Site "https://www.chess.com"]

[Event "Titled Tuesday Blitz March 07 Early 2023"]
[White "Omariev, Maksim"]
[Black "Lewtak, Damian"]
[WhiteFideId "4193423"]
[BlackFideId "1141724"]
[WhiteElo "2462"]
[BlackElo "2302"]
[Result "1-0"]
[Round "03"]
[TimeControl "180+2"]
[Date "2023.03.07"]
[WhiteClock "0:00:03"]
[BlackClock "0:00:02"]

1. g4 d5 2. Bg2 c6 3. h3 g6 4. d4 Bg7 5. Nf3 Nf6 6. c3 O-O 7. Bf4 Nbd7 8. Nbd2 Re8 9. Ne5 Nxe5 10. Bxe5 Bh6 11. Bg3 Bg7 12. e3 Nd7 13. f4 e6 14. h4 f6 15. g5 e5 16. Qf3 fxg5 17. dxe5 g4 18. Qe2 Nc5 19. O-O-O Bf5 20. e4 dxe4 21. Nxe4 Qb6 22. Bf2 Bxe4 23. Bxe4 Qa5 24. Bc2 Bh6 25. Be3 Ne6 26. Qxg4 Rf8 27. Qxe6+ Kh8 28. h5 Rae8 29. Qg4 g5 30. fxg5 Bg7 31. h6 Bxe5 32. g6 hxg6 33. Qxg6 Re7 34. Rdf1 Rg8 35. Qf5 Qc7 36. Kb1 Rge8 37. h7 Qd6 38. Bg5 Rg7 39. Bf6 Bxf6 40. Qxf6 Qxf6 41. Rxf6 a5 42. Rhf1 Rge7 43. Rf8+ 1-0


[Site "https://www.chess.com"]

[Event "Titled Tuesday Blitz March 07 Early 2023"]
[White "Fiorito, Francisco"]
[Black "Bowden, Karl"]
[WhiteFideId "180165"]
[BlackFideId "400548"]
[WhiteElo "2341"]
[BlackElo "2451"]
[Result "1-0"]
[Round "03"]
[TimeControl "180+2"]
[Date "2023.03.07"]
[WhiteClock "0:00:39"]
[BlackClock "0:00:16"]

1. d4 Nf6 2. Nc3 d5 3. Bf4 c6 4. e3 b5 5. Nf3 g6 6. Be2 Bg7 7. Ne5 a5 8. a3 O-O 9. h4 Nfd7 10. h5 Nxe5 11. Bxe5 f6 12. Bg3 Bf5 13. hxg6 hxg6 14. Bd3 Qd7 15. Qf3 Bxd3 16. cxd3 Qf5 17. Qxf5 gxf5 18. Rh5 e6 19. Ne2 Kf7 20. Rc1 Ra6 21. Nf4 Nd7 22. Rh7 Rh8 23. Rxh8 Bxh8 24. Ke2 e5 25. Nh3 Bg7 26. b3 Bf8 27. Ra1 f4 28. exf4 exd4 29. f5 c5 30. Nf4 a4 31. bxa4 Rxa4 32. Nxd5 c4 33. Nc7 cxd3+ 34. Kxd3 Nc5+ 35. Kc2 Rc4+ 36. Kd1 Nb3 37. Rb1 Rxc7 38. Bxc7 1-0


[Site "https://www.chess.com"]

[Event "Titled Tuesday Blitz March 07 Early 2023"]
[White "Orlov, Georgi"]
[Black "Fawzy, Adham"]
[WhiteFideId "2011271"]
[BlackFideId "10613129"]
[WhiteElo "2643"]
[BlackElo "2539"]
[Result "1-0"]
[Round "03"]
[TimeControl "180+2"]
[Date "2023.03.07"]
[WhiteClock "0:02:10"]
[BlackClock "0:00:01"]

1. d4 Nf6 2. Nf3 g6 3. c4 Bg7 4. Nc3 O-O 5. e4 d6 6. Be2 e5 7. dxe5 dxe5 8. Qxd8 Rxd8 9. Bg5 Re8 10. Nd5 Nxd5 11. cxd5 c6 12. Bc4 cxd5 13. Bxd5 Nd7 14. Ke2 h6 15. Bh4 g5 16. Bg3 Nf6 17. Rhd1 Nxd5 18. Rxd5 Be6 19. Rc5 f6 20. Nd2 Rac8 21. Rac1 Rxc5 22. Rxc5 Rc8 23. Rxc8+ Bxc8 24. f3 Bf8 25. Bf2 b6 26. Kd3 Kf7 27. Nc4 Ke6 28. a3 Bd6 29. Kc3 Bc7 30. b4 Ba6 31. a4 Bc8 32. b5 Bd6 33. a5 bxa5 34. Nxa5 f5 35. Bxa7 fxe4 36. fxe4 g4 37. Be3 Kd7 38. Bxh6 1-0


[Site "https://www.chess.com"]

[Event "Titled Tuesday Blitz March 07 Early 2023"]
[White "Ozer, Omer Faruk"]
[Black "Aarav Dengla"]
[WhiteFideId "6354564"]
[BlackFideId "45059756"]
[WhiteElo "2260"]
[BlackElo "2285"]
[Result "1-0"]
[Round "03"]
[TimeControl "180+2"]
[Date "2023.03.07"]
[WhiteClock "0:00:36"]
[BlackClock "0:00:01"]

1. d4 d5 2. Nf3 e6 3. g3 c5 4. Bg2 Nc6 5. O-O Nf6 6. b3 b6 7. c4 Bb7 8. cxd5 Nxd5 9. Bb2 Nf6 10. Nc3 Nxd4 11. Nxd4 Bxg2 12. Nxe6 Qxd1 13. Rfxd1 fxe6 14. Kxg2 Be7 15. Nb5 Kf7 16. Bxf6 gxf6 17. Rd7 a6 18. Nd6+ Kf8 19. Rd1 Rg8 20. Nc4 b5 21. Na5 Rg7 22. Nc6 Rc8 23. Na7 Ra8 24. Rc7 f5 25. Rdd7 Bf6 26. Rxg7 Bxg7 27. Nc8 Be5 28. Rxc5 Bd4 29. Rc6 Ke8 30. Rxe6+ Kd7 31. Rd6+ Kxc8 32. Rxd4 Kc7 33. Rh4 Rf8 34. Rxh7+ Kd6 35. Kf3 Kc5 36. Rh4 a5 37. Rf4 Kd5 38. h4 b4 39. h5 Ke5 40. h6 Rh8 41. Rh4 Rc8 42. h7 Rh8 43. e3 Kf6 44. Kf4 Kg6 45. f3 Kf6 46. Rh6+ Kg7 47. Kg5 a4 48. bxa4 1-0


[Site "https://www.chess.com"]

[Event "Titled Tuesday Blitz March 07 Early 2023"]
[White "Huber, Benedikt"]
[Black "Kvaloy, Aksel Bu"]
[WhiteFideId "12923583"]
[BlackFideId "1528815"]
[WhiteElo "2199"]
[BlackElo "2208"]
[Result "1-0"]
[Round "03"]
[TimeControl "180+2"]
[Date "2023.03.07"]
[WhiteClock "0:01:25"]
[BlackClock "0:00:23"]

1. d4 Nf6 2. Nc3 d5 3. Bf4 e6 4. Nb5 Na6 5. e3 c6 6. Nc3 Bd6 7. Nf3 Bxf4 8. exf4 O-O 9. Bxa6 bxa6 10. O-O a5 11. Ne5 Ba6 12. Re1 Rb8 13. Nxc6 Qd6 14. Nxb8 Rxb8 15. Qd2 Rxb2 16. Rab1 Rxb1 17. Rxb1 h5 18. Na4 Qa3 19. Nc5 Bc4 20. h3 Qxa2 21. Rb8+ Kh7 22. Rf8 Kg6 23. Nd3 Bxd3 24. Qxd3+ Kh6 25. Rh8+ Nh7 26. Qxh7# 1-0


[Site "https://www.chess.com"]

[Event "Titled Tuesday Blitz March 07 Early 2023"]
[White "Trent, Lawrence"]
[Black "Mazurkiewicz, Michal"]
[WhiteFideId "408638"]
[BlackFideId "1124943"]
[WhiteElo "2458"]
[BlackElo "2054"]
[Result "1/2-1/2"]
[Round "03"]
[TimeControl "180+2"]
[Date "2023.03.07"]
[WhiteClock "0:00:10"]
[BlackClock "0:00:08"]

1. g3 Nf6 2. Nf3 g6 3. Bg2 Bg7 4. O-O O-O 5. d4 d6 6. c4 c5 7. Nc3 cxd4 8. Nxd4 Qa5 9. Nb3 Qh5 10. e4 Bg4 11. f3 Bh3 12. Qe2 Nc6 13. Be3 Rac8 14. Rac1 Ne5 15. Nd2 a6 16. a4 e6 17. g4 Qh4 18. g5 Nh5 19. f4 Ng4 20. Nf3 Ng3 21. Qe1 Bxg2 22. Kxg2 Nxe3+ 23. Qxe3 Nxf1 24. Rxf1 Qg4+ 25. Kh1 Rxc4 26. Ne2 Rfc8 27. Rg1 Qh3 28. Rg3 Qf1+ 29. Rg1 Qh3 30. Rg3 Qh5 31. b3 Rc2 32. Neg1 R8c3 33. Qe1 Rc1 34. Qf2 R3c2 35. Qb6 h6 36. Qd8+ Kh7 37. gxh6 Bd4 38. Ng5+ Kxh6 39. Qf8+ Bg7 40. Nxf7+ Kh7 41. Ng5+ Kh6 42. Nf7+ Kh7 43. Ng5+ Kh6 44. Nf7+ 1/2-1/2


[Site "https://www.chess.com"]

[Event "Titled Tuesday Blitz March 07 Early 2023"]
[White "Gonzalez, Francisco Silva"]
[Black "Guzman, Christopher"]
[WhiteFideId "1512285"]
[BlackFideId "6405096"]
[WhiteElo "2074"]
[BlackElo "2281"]
[Result "1-0"]
[Round "03"]
[TimeControl "180+2"]
[Date "2023.03.07"]
[WhiteClock "0:01:25"]
[BlackClock "0:02:04"]

1. d4 Nf6 2. c4 e6 3. Nc3 Bb4 4. a3 Bxc3+ 5. bxc3 d5 6. e3 O-O 7. Bd3 c5 8. Ne2 Qc7 9. cxd5 exd5 10. f3 Nc6 11. O-O Re8 12. Qe1 c4 13. Bc2 Na5 14. Rb1 Bd7 15. Qf2 Nb3 16. Bxb3 cxb3 17. Rxb3 a6 18. h3 Rac8 19. e4 Bb5 20. Rxb5 axb5 21. Bf4 Qa5 22. Bg5 Nd7 23. e5 Qxa3 24. Rb1 Qa2 25. Rxb5 f6 26. Rxb7 Nxe5 27. Bxf6 gxf6 28. dxe5 Rxe5 29. Qh4 h5 30. Qxf6 1-0


[Site "https://www.chess.com"]

[Event "Titled Tuesday Blitz March 07 Early 2023"]
[White "Papasimakopoulos, Alexandros"]
[Black "Srebrnic, Marko"]
[WhiteFideId "4244125"]
[BlackFideId "14603616"]
[WhiteElo "2359"]
[BlackElo "2341"]
[Result "1-0"]
[Round "03"]
[TimeControl "180+2"]
[Date "2023.03.07"]
[WhiteClock "0:01:05"]
[BlackClock "0:00:18"]

1. d4 Nf6 2. c4 d6 3. Nc3 Bf5 4. h3 h5 5. Nf3 h4 6. Bg5 Ne4 7. Bxh4 Nxc3 8. bxc3 c5 9. e3 Qa5 10. Qd2 Nc6 11. Bd3 Bxd3 12. Qxd3 cxd4 13. exd4 e5 14. O-O f6 15. Qg6+ Kd7 16. c5 Ne7 17. Qf7 e4 18. cxd6 exf3 19. dxe7 Bxe7 20. Rfe1 Rae8 21. Qe6+ Kd8 22. Rab1 b6 23. Bg3 Rh5 24. Qc6 1-0


[Site "https://www.chess.com"]

[Event "Titled Tuesday Blitz March 07 Early 2023"]
[White "Tan, Jun Ying"]
[Black "Stepanencu, Nicodim-Cosmin"]
[WhiteFideId "5710413"]
[BlackFideId "1256220"]
[WhiteElo "2089"]
[BlackElo "2185"]
[Result "0-1"]
[Round "03"]
[TimeControl "180+2"]
[Date "2023.03.07"]
[WhiteClock "0:00:02"]
[BlackClock "0:00:18"]

1. d4 Nf6 2. c4 g6 3. Nc3 Bg7 4. e4 O-O 5. Be2 d6 6. Nf3 e5 7. O-O Nc6 8. d5 Ne7 9. b4 a5 10. Ba3 axb4 11. Bxb4 b6 12. a4 Re8 13. Ba3 Nh5 14. Re1 Nf4 15. Bf1 f5 16. g3 Nh5 17. exf5 Nxf5 18. Ne4 Nf6 19. Nfg5 Nd4 20. Bg2 Nxe4 21. Nxe4 Bd7 22. Bc1 Rf8 23. Bg5 Qe8 24. a5 bxa5 25. c5 Qf7 26. Ra2 Ra6 27. c6 Bxc6 28. dxc6 Qxa2 29. Qd3 Rxc6 30. Kh1 Qc2 31. Qe3 Rb6 32. Bh6 Nf5 33. Qd2 Qxd2 34. Bxd2 Nd4 35. Bxa5 Rc6 36. h4 Rc2 37. Kg1 d5 38. Nd2 c6 39. Bb4 Rb8 40. Bd6 Rd8 41. Bb4 e4 42. Nf1 Ne2+ 43. Kh2 Bc3 44. Bxc3 Nxc3 45. Ne3 Rxf2 46. Kg1 Re2 47. Rxe2 Nxe2+ 48. Kf2 Nd4 49. Ng4 Nf5 50. Nf6+ Kg7 51. Ng4 e3+ 52. Nxe3 Nxe3 53. Kxe3 Re8+ 54. Kd4 Rf8 55. Ke3 Rf2 56. Kxf2 Kf6 57. Ke3 Ke5 58. Bf3 c5 59. Kd3 h6 60. Ke3 c4 61. Be2 d4+ 62. Kf3 d3 63. Bf1 Kd4 64. g4 c3 65. Kf2 c2 66. Bxd3 Kxd3 0-1


[Site "https://www.chess.com"]

[Event "Titled Tuesday Blitz March 07 Early 2023"]
[White "Hamitevici, Vladimir"]
[Black "Mouhamad, Joachim"]
[WhiteFideId "13902393"]
[BlackFideId "656410"]
[WhiteElo "2401"]
[BlackElo "2164"]
[Result "1-0"]
[Round "03"]
[TimeControl "180+2"]
[Date "2023.03.07"]
[WhiteClock "0:00:58"]
[BlackClock "0:00:02"]

1. Nf3 d5 2. g3 e6 3. Bg2 Nf6 4. O-O Be7 5. c4 dxc4 6. Qa4+ Bd7 7. Qxc4 Bc6 8. Nc3 O-O 9. d3 Nbd7 10. Qb3 Rb8 11. Rd1 h6 12. e4 e5 13. Be3 Re8 14. Bxa7 Ra8 15. Be3 Bc5 16. d4 exd4 17. Nxd4 Qc8 18. Nxc6 Bxe3 19. Nd4 Bxd4 20. Rxd4 Ne5 21. Rad1 c6 22. f4 Neg4 23. e5 Nh5 24. Ne4 c5 25. Nd6 cxd4 26. Nxc8 Raxc8 27. Bf3 Ne3 28. Bxh5 Nxd1 29. Bxf7+ Kh8 30. Bxe8 Ne3 31. Bg6 Rc1+ 32. Kf2 Rf1+ 33. Ke2 Nd1 1-0


[Site "https://www.chess.com"]

[Event "Titled Tuesday Blitz March 07 Early 2023"]
[White "Postnikov, Artem"]
[Black "Aggelis, Nikolaos"]
[WhiteFideId "34153575"]
[BlackFideId "4213220"]
[WhiteElo "2243"]
[BlackElo "2189"]
[Result "1-0"]
[Round "03"]
[TimeControl "180+2"]
[Date "2023.03.07"]
[WhiteClock "0:00:12"]
[BlackClock "0:01:01"]

1. d4 Nf6 2. c4 e5 3. dxe5 Ng4 4. Bf4 Nc6 5. Nf3 Bb4+ 6. Nbd2 Qe7 7. a3 Bxd2+ 8. Qxd2 Ngxe5 9. Nxe5 Nxe5 10. c5 O-O 11. e3 Ng6 12. Bg3 f5 13. Bxc7 Qf6 14. Bd6 Re8 15. Bc4+ Kh8 16. O-O b6 17. Bd5 Ba6 18. Bxa8 Bxf1 19. Bf3 Ba6 20. cxb6 axb6 21. Bg3 Bb5 22. Qb4 Bc6 23. Qxb6 f4 24. exf4 Bxf3 25. Qxf6 gxf6 26. gxf3 f5 27. Rd1 Re7 28. Rd5 Rf7 29. a4 h5 30. h4 Kg7 31. a5 Kf6 32. b4 Ke6 33. Rb5 Ne7 34. Rb6+ d6 35. a6 Nc8 36. Rb7 Na7 37. b5 d5 38. Rxf7 Kxf7 39. b6 d4 40. bxa7 d3 41. a8=Q d2 42. Qd5+ Kg6 43. Qxd2 Kh6 44. Qd6+ Kh7 45. Qf6 Kg8 46. a7 Kh7 47. Kg2 Kg8 48. a8=Q+ Kh7 49. Qah8# 1-0


[Site "https://www.chess.com"]

[Event "Titled Tuesday Blitz March 07 Early 2023"]
[White "Mamedov, Edgar"]
[Black "Goncalves, Davi Sulzbacher"]
[WhiteFideId "13739980"]
[BlackFideId "2154510"]
[WhiteElo "2330"]
[BlackElo "2182"]
[Result "1-0"]
[Round "03"]
[TimeControl "180+2"]
[Date "2023.03.07"]
[WhiteClock "0:00:05"]
[BlackClock "0:00:14"]

1. c4 e6 2. Nf3 Nf6 3. Nc3 d5 4. d4 Be7 5. g3 dxc4 6. Bg2 c5 7. O-O Nc6 8. dxc5 O-O 9. Qa4 Qa5 10. Qxc4 Qxc5 11. Qxc5 Bxc5 12. Bg5 Be7 13. Rfd1 h6 14. Bf4 Rd8 15. Rxd8+ Bxd8 16. Ne5 Nxe5 17. Bxe5 Nd7 18. Rd1 Ba5 19. Bd6 Bxc3 20. bxc3 a5 21. c4 a4 22. Rb1 Ra6 23. c5 Ra5 24. Rc1 Nf6 25. Bc7 Rb5 26. Rd1 Nd5 27. Bxd5 exd5 28. Rxd5 Be6 29. Rd8+ Kh7 30. a3 Rxc5 31. Bd6 Rc1+ 32. Kg2 Rd1 33. e4 b5 34. Be7 Re1 35. Rd4 Bc4 36. Bb4 Kg6 37. Bxe1 1-0


[Site "https://www.chess.com"]

[Event "Titled Tuesday Blitz March 07 Early 2023"]
[White "Devaev, Alexander"]
[Black "Malek, Jan"]
[WhiteFideId "4169395"]
[BlackFideId "21864080"]
[WhiteElo "2225"]
[BlackElo "2255"]
[Result "0-1"]
[Round "03"]
[TimeControl "180+2"]
[Date "2023.03.07"]
[WhiteClock "0:00:01"]
[BlackClock "0:01:42"]

1. d4 g6 2. c4 Bg7 3. Nf3 c5 4. d5 e6 5. e4 exd5 6. cxd5 d6 7. Nc3 Ne7 8. Bd3 O-O 9. O-O a6 10. a4 Nd7 11. h3 h6 12. Bf4 Qc7 13. Nd2 g5 14. Bh2 Ng6 15. Be2 Nde5 16. Qc2 Re8 17. Nc4 Bd7 18. Nxe5 Bxe5 19. Bxe5 Rxe5 20. Bg4 Rae8 21. f3 Nf4 22. Kh2 h5 23. Bxd7 Qxd7 24. Rf2 c4 25. Rd1 Nd3 26. Rxd3 cxd3 27. Qxd3 f5 28. Re2 g4 29. f4 R5e7 30. exf5 Rxe2 31. Nxe2 Qxa4 32. f6 Qe4 33. Qxe4 Rxe4 34. Ng3 Rxf4 35. Nxh5 Rd4 36. hxg4 Rxg4 0-1


[Site "https://www.chess.com"]

[Event "Titled Tuesday Blitz March 07 Early 2023"]
[White "Kim, Sergey"]
[Black "Tymrakiewicz, Rafal"]
[WhiteFideId "13700570"]
[BlackFideId "1108832"]
[WhiteElo "2626"]
[BlackElo "2151"]
[Result "1-0"]
[Round "03"]
[TimeControl "180+2"]
[Date "2023.03.07"]
[WhiteClock "0:01:00"]
[BlackClock "0:00:02"]

1. d4 Nf6 2. c4 d6 3. Nc3 e5 4. Nf3 Nc6 5. d5 Ne7 6. e4 Ng6 7. g3 Be7 8. Bg2 O-O 9. O-O Nd7 10. Ne1 Bg5 11. Nd3 Bxc1 12. Rxc1 b6 13. b4 Ne7 14. c5 bxc5 15. bxc5 Ba6 16. c6 Bxd3 17. Qxd3 Nc5 18. Qe2 f5 19. exf5 Nxf5 20. Ne4 Nd4 21. Qg4 Nxe4 22. Bxe4 Rb8 23. Rb1 Rxb1 24. Bxb1 Qf6 25. Qe4 g6 26. Kg2 Nf3 27. Qe3 Nd4 28. Be4 Rb8 29. Rb1 Rxb1 30. Bxb1 Qf7 31. Be4 Qf8 32. Qg5 Kg7 33. h4 Qf6 34. Qg4 Nf5 35. h5 Qf7 36. Qg5 Qf6 37. Qg4 Kh6 38. hxg6 hxg6 39. Qe2 Nd4 40. Qe3+ Qg5 41. f4 exf4 42. Qxd4 Qxg3+ 43. Kf1 Kg5 44. Qd3 Qxd3+ 45. Bxd3 Kf6 46. Kf2 Ke5 47. Bxg6 Kxd5 48. Be8 Ke4 49. Bg6+ Kd5 50. Kf3 Kxc6 51. Kxf4 Kc5 52. Ke3 Kc4 53. Kd2 c5 54. Kc2 d5 55. a3 a5 56. Bf7 1-0


[Site "https://www.chess.com"]

[Event "Titled Tuesday Blitz March 07 Early 2023"]
[White "Golubev, Mikhail"]
[Black "Colas, Joshua"]
[WhiteFideId "14100983"]
[BlackFideId "2044447"]
[WhiteElo "2374"]
[BlackElo "2347"]
[Result "0-1"]
[Round "03"]
[TimeControl "180+2"]
[Date "2023.03.07"]
[WhiteClock "0:00:01"]
[BlackClock "0:00:17"]

1. e4 c5 2. Nf3 Nf6 3. Nc3 d5 4. exd5 Nxd5 5. d4 Nxc3 6. bxc3 e6 7. Bd3 Nc6 8. O-O Be7 9. dxc5 Qa5 10. Nd4 Qxc3 11. Nxc6 bxc6 12. Rb1 Qxc5 13. Qf3 O-O 14. Be3 Qd6 15. Rfd1 Qc7 16. Be4 Ba6 17. Bf4 e5 18. Bxc6 Rac8 19. Bb7 Bxb7 20. Rxb7 Qxc2 21. Bxe5 Bc5 22. Rf1 Qxa2 23. Qg3 g6 24. Qf4 Qe6 25. h3 Rfe8 26. Ba1 Bd6 0-1


[Site "https://www.chess.com"]

[Event "Titled Tuesday Blitz March 07 Early 2023"]
[White "Pourkashiyan, Atousa"]
[Black "Vlassov, Nikolai"]
[WhiteFideId "12502014"]
[BlackFideId "4103360"]
[WhiteElo "2228"]
[BlackElo "2324"]
[Result "1-0"]
[Round "03"]
[TimeControl "180+2"]
[Date "2023.03.07"]
[WhiteClock "0:00:07"]
[BlackClock "0:00:03"]

1. e4 c5 2. Nf3 d6 3. d4 cxd4 4. Nxd4 Nf6 5. Nc3 g6 6. Be3 a6 7. f3 Nbd7 8. Qd2 Qc7 9. O-O-O b5 10. h4 Bb7 11. Kb1 h5 12. g3 Nb6 13. Bg5 Bg7 14. Be2 b4 15. Nd5 Nbxd5 16. exd5 Nxd5 17. Rhe1 O-O 18. Bh6 Qb6 19. Bxg7 Kxg7 20. Nf5+ gxf5 21. Qg5+ Kh8 22. Qxh5+ Kg8 23. Qg5+ Kh8 24. Bd3 Qd4 25. Be4 Qf6 26. Bxd5 Qxg5 27. hxg5 Bxd5 28. Rxd5 e6 29. Rxd6 Rfd8 30. Red1 Rxd6 31. Rxd6 Kg7 32. Kc1 Kg6 33. f4 Kh5 34. Rd7 Rf8 35. Kd2 Kg4 36. Rd3 Rh8 37. a3 Rh2+ 38. Kd1 bxa3 39. Rxa3 Rg2 40. c4 Rg1+ 41. Kc2 Rg2+ 42. Kb1 Rg1+ 43. Ka2 Rd1 44. c5 1-0


[Site "https://www.chess.com"]

[Event "Titled Tuesday Blitz March 07 Early 2023"]
[White "Mikhalsky, Vladimir"]
[Black "Jakubowski, Krzysztof"]
[WhiteFideId "14144352"]
[BlackFideId "1112848"]
[WhiteElo "2272"]
[BlackElo "2359"]
[Result "1-0"]
[Round "03"]
[TimeControl "180+2"]
[Date "2023.03.07"]
[WhiteClock "0:00:36"]
[BlackClock "0:00:03"]

1. e4 c5 2. Nf3 e6 3. b3 b6 4. Bb2 Bb7 5. Nc3 Nc6 6. d4 cxd4 7. Nxd4 Rc8 8. Ndb5 d6 9. Ba3 a6 10. Nxd6+ Bxd6 11. Qxd6 Qxd6 12. Bxd6 Nd4 13. O-O-O Nxb3+ 14. axb3 Rxc3 15. Be5 Rc8 16. Bxg7 Bxe4 17. Bd3 Bxg2 18. Rhg1 Bf3 19. Rde1 Ne7 20. Bxh8 Kd7 21. Be4 Bxe4 22. Rxe4 Rxh8 23. Rg7 Ke8 24. Rh4 h6 25. Ra4 a5 26. b4 Nc6 27. bxa5 bxa5 28. Rc4 Ne7 29. Rc5 Nf5 30. Rg4 Ke7 31. Rxa5 Kf6 32. Ra7 Rc8 33. Rb4 h5 34. Rbb7 Nd6 35. Rd7 Rc6 36. Rac7 Rb6 37. c4 Ra6 38. c5 Nb5 39. Rxf7+ Ke5 40. Rb7 Nd4 41. Rh7 Ra2 42. Rxh5+ Ke4 43. Rb4 Kd3 44. Rh3+ 1-0


[Site "https://www.chess.com"]

[Event "Titled Tuesday Blitz March 07 Early 2023"]
[White "Domingo Nunez, Ruben"]
[Black "Matko, Ognjen"]
[WhiteFideId "22245570"]
[BlackFideId "14509717"]
[WhiteElo "2404"]
[BlackElo "2248"]
[Result "1-0"]
[Round "03"]
[TimeControl "180+2"]
[Date "2023.03.07"]
[WhiteClock "0:00:04"]
[BlackClock "0:00:03"]

1. b3 e5 2. Bb2 Nc6 3. e3 Nf6 4. Nf3 e4 5. Ne5 Bd6 6. Nc4 Be7 7. d4 d5 8. Ne5 O-O 9. c4 Bb4+ 10. Nc3 Nxe5 11. dxe5 Ng4 12. a3 Bxc3+ 13. Bxc3 dxc4 14. Bxc4 Qh4 15. Qe2 Be6 16. h3 Bxc4 17. bxc4 Nh6 18. O-O-O Rfd8 19. Kb2 Rd3 20. g3 Qd8 21. Rxd3 exd3 22. Qf3 c6 23. Rd1 Qb6+ 24. Ka2 Qc5 25. Qe4 b5 26. Bb4 Qb6 27. cxb5 Qxb5 28. Qxd3 Qb6 29. Qd4 Qc7 30. g4 Kh8 31. Qd6 Qb6 32. Qe7 a5 33. Bc5 Qb5 34. Rd8+ Rxd8 35. Qxd8+ Ng8 36. Qd4 Qe2+ 37. Kb3 Qxf2 38. Ka4 Qf3 39. Kxa5 Qxh3 40. a4 Qxg4 41. Qxg4 Ne7 42. Bxe7 h5 43. Qc8+ Kh7 44. Qf5+ Kh6 45. Bg5# 1-0


[Site "https://www.chess.com"]

[Event "Titled Tuesday Blitz March 07 Early 2023"]
[White "Fikiet, Alex"]
[Black "Vargas Rodriguez, Wilver"]
[WhiteFideId "2052717"]
[BlackFideId "3509672"]
[WhiteElo "2426"]
[BlackElo "2238"]
[Result "1-0"]
[Round "03"]
[TimeControl "180+2"]
[Date "2023.03.07"]
[WhiteClock "0:00:57"]
[BlackClock "0:00:09"]

1. e4 c5 2. Nf3 d6 3. Bb5+ Bd7 4. Bxd7+ Qxd7 5. O-O Nc6 6. Qe2 g6 7. Rd1 Bg7 8. c3 f5 9. exf5 gxf5 10. d4 cxd4 11. cxd4 O-O-O 12. Nc3 Nf6 13. d5 Ne5 14. Nxe5 dxe5 15. Qxe5 Rhg8 16. Bf4 Qd6 17. Qxf5+ Qd7 18. Qd3 b6 19. a4 Nh5 20. Be3 Be5 21. Qe4 Bd6 22. a5 Rg4 23. Qe6 Qxe6 24. dxe6 Kb7 25. Nb5 1-0


[Site "https://www.chess.com"]